 Dungeon Crawl Stone Soup version 0.29.0-10-g45618ea6d2 (webtiles) character file.

Game seed: 12162876994163747341

6 nickcage the Trooper (level 1, -1/19 HPs)
             Began as a Minotaur Abyssal Knight on Sept 1, 2022.
             Was a Believer of Lugonu.
             Killed from afar by a dart slug (5 damage)
             ... with a slug dart
             ... on level 1 of the Dungeon.
             The game lasted 00:00:27 (98 turns).

nickcage the Trooper (Minotaur Abyssal Knight)        Turns: 98, Time: 00:00:27

Health: -1/19      AC:  3    Str: 17    XL:     1   Next: 75%
Magic:  1/1        EV: 11    Int:  7    God:    Lugonu [**....]
Gold:   38         SH:  0    Dex: 10    Spells: 0/0 levels left

rFire   . . .      SeeInvis .   a - +1 mace
rCold   . . .      Faith    .   (no shield)
rNeg    . . .      Spirit   .   b - +0 leather armour
rPois   .          Reflect  .   (helmet restricted)
rElec   .          Harm     .   (no cloak)
rCorr   .          Rampage  .   (no gloves)
Will    .....                   (no boots)
Stlth   +.........              (no amulet)
HPRegen 0.06/turn               (no ring)
MPRegen 0.07/turn               (no ring)

@: no status effects
A: horns 2, retaliatory headbutt
a: Renounce Religion, Depart the Abyss, Bend Space


You were on level 1 of the Dungeon.
You worshipped Lugonu.
Lugonu was pleased with you.
You visited 1 branch of the dungeon, and saw 1 of its levels.
You visited the Abyss 1 time.

You collected 38 gold pieces.

Inventory:

Hand Weapons
 a - a +1 mace (weapon)
Armour
 b - a +0 leather armour (worn)
Scrolls
 c - a scroll of enchant weapon {unknown}


   Skills:
 - Level 3.6 Fighting
 + Level 3.2 Maces & Flails
 - Level 2.4 Armour
 - Level 1.1 Dodging
 - Level 1.7 Invocations


You couldn't memorise any spells.
You didn't know any spells.
Your spell library was empty.

Dungeon Overview and Level Annotations

Branches:
Dungeon (1/15)

Altars:


Innate Abilities, Weirdness & Mutations

You have a pair of horns on your head.
You reflexively headbutt those who attack you in melee.


Message History

You now have 20 gold pieces (gained 8).
You now have 26 gold pieces (gained 6).
You now have 38 gold pieces (gained 12).
c - a scroll labelled LALIGO WAAME A goblin comes into view.
It is wielding a +0 dagger.
A ball python, an endoplasm and a dart slug come into view.
The endoplasm quivers.
The dart slug briefly extends its eye-stalks.
The goblin hits you with a +0 dagger.
You closely miss the ball python. The goblin hits you with a +0 dagger.
The ball python bites you but does no damage.
The ball python barely misses you. The endoplasm freezes you.
You are frozen.
The goblin hits you but does no damage.
You hit the ball python.
You kill the ball python!
Lugonu accepts your kill. The goblin hits you but does no damage.
The endoplasm freezes you.
You are frozen.
Your Maces & Flails skill increases to level 3!
You sock the endoplasm!
You kill the endoplasm!
Lugonu accepts your kill. The goblin completely misses you.
You closely miss the goblin. The goblin hits you but does no damage.
You barely miss the goblin.
You headbutt the goblin, but do no damage.
The goblin barely misses you. The dart slug launches a dart at you.
The slug dart hits you. The goblin hits you with a +0 dagger.
* * * LOW HITPOINT WARNING * * *
You barely miss the goblin. The dart slug misses you.
The goblin barely misses you.
You sock the goblin!
You kill the goblin!
Lugonu accepts your kill. The dart slug launches a dart at you.
The slug dart hits you.
You die...

#.... ### #...##
.. .... .....
...
....###...##...
...........#
#....=....#
#..w).....#
#...@.....#
##...######
.####...#######.
................
.####...#######.
#.........#
####.........#
#............#
#....#.......#


You could see a dart slug.

Vanquished Creatures
  2 endoplasms (D:1)
  A giant cockroach (D:1)
  2 goblins (D:1)
  A ball python (D:1)
6 creatures vanquished.

Notes
Turn   | Place    | Note
-------+----------+-------------------------------------------
     0 | Abyss:1  | nickcage the Minotaur Abyssal Knight began the quest for
                  | the Orb.
     0 | Abyss:1  | Reached XP level 1. HP: 19/19 MP: 1/1
     1 | D:1      | Escaped the Abyss
    98 | D:1      | Killed from afar by a dart slug

Illustrated notes

Levels and vault maps discovered:
D:1:      amcnicky_arrival_flooded_fountain, layout_basic,
          shapermc_ecumenical_altar_petra

Skill      XL: |  1 |
---------------+----+-----
Maces & Flails | 3 |  3.2
Fighting       | |  3.6
Armour         | |  2.4
Dodging        | |  1.1
Invocations    | |  1.7

Action                   || total
-------------------------++-------
Melee: Mace              ||    13
       Headbutt          ||     1
Armor: Leather armour    ||     7
Dodge: Dodged            ||     9
